 Dungeon Crawl Stone Soup version 0.22-a0-392-g5dc3fd9 (webtiles) character file.

7518 4thArraOfDagon the Cleaver (level 10, -26/84 HPs)
             Began as a Minotaur Ice Elementalist on May 1, 2018.
             Was an Initiate of Sif Muna.
             Killed from afar by a wretched star (29 damage)
             ... with an orb of energy
             ... on level 1 of the Abyss.
             The game lasted 00:35:44 (10222 turns).

4thArraOfDagon the Cleaver (MiIE)                  Turns: 10222, Time: 00:35:44

Health: -26/84     AC: -3    Str: 14      XL:     10   Next: 95%
Magic:  2/18       EV:  8    Int: 14 (15) God:    Sif Muna [......]
Gold:   425        SH:  0    Dex:  8 (10) Spells: 11/12 levels left

rFire    + . .     SeeInvis .   I - +0 war axe (chop)
rCold    + + .     Gourm    .   (no shield)
rNeg     . . .     Faith    .   L - +0 chain mail (curse)
rPois    .         Spirit   .   (helmet restricted)
rElec    .         Reflect  .   g - scarf {rC+ rF+}
rCorr    .         Harm     .   (no gloves)
MR       .....     Rnd*Rage +   h - +0 pair of boots
Stlth    ..........             y - amulet of magic regeneration
HPRegen  0.64/turn              q - ring of magical power
MPRegen  0.41/turn              C - ring of protection from cold

@: about to teleport, corroded, very slightly contaminated, hasted, invisible,
very quick
A: retaliatory headbutt, horns 2, [berserk 2], blink, [deformed body],
[deterioration 2], [frail 2], [low mp 2], regeneration 1, robust 1, [screaming
2]
a: Blink, Renounce Religion


You were on level 1 of the Abyss.
You worshipped Sif Muna.
Sif Muna was noncommittal.
You were not hungry.

You visited 2 branches of the dungeon, and saw 10 of its levels.
You visited the Abyss 1 time.

You collected 425 gold pieces.

Inventory:

Hand Weapons
 e - a +0 hand axe
 E - a +2 whip of electrocution
 I - a +0 war axe of chopping (weapon)
Missiles
 x - 2 throwing nets (quivered)
Armour
 a - a +0 robe
 b - a +0 ring mail
 g - a scarf of resistance (worn)
 h - a +0 pair of boots (worn)
 r - a +0 troll leather armour
 L - a cursed +0 chain mail (worn)
Magical Staves
 v - an uncursed staff of wizardry {!a}
Jewellery
 q - a ring of magical power (left hand)
 t - an uncursed ring of resist corrosion
 w - the ring of Midnight {Wiz rElec rF+ Dex+4, unknown}
   (You found it on level 1 of the Abyss)

   [ring of wizardry]

   It improves your spell success rate.
   It affects your dexterity (+4).
   It protects you from fire.
   It insulates you from electricity.
 y - an amulet of magic regeneration (around neck)
 C - a ring of protection from cold (right hand)
 J - an uncursed amulet of faith
Wands
 s - a wand of digging (17)
 u - a wand of random effects (25)
Scrolls
 i - a scroll of immolation {unknown}
 l - 7 scrolls of remove curse
 m - a scroll of teleportation
 n - a scroll of blinking
 z - 2 scrolls of fog {unknown}
 D - 2 scrolls of brand weapon
 G - a scroll of enchant weapon {unknown}
 K - a scroll of random uselessness {unknown}
Potions
 d - 2 potions of brilliance
 f - 4 potions of curing
 k - 2 potions of berserk rage
 o - a potion of lignification
 p - a potion of resistance
 A - 2 potions of magic
 B - a potion of might
 F - 2 potions of flight
 H - a potion of mutation
Comestibles
 c - 11 rations


   Skills:
 + Level 10.5 Fighting
 * Level 13.5 Axes
 + Level 7.7 Dodging
 - Level 1.5 Stealth
 + Level 1.7 Spellcasting
   Level 0.6 Conjurations
 - Level 3.3 Ice Magic
 * Level 2.3 Invocations


You had 11 spell levels left.
You knew the following spells:

 Your Spells              Type           Power        Failure   Level  Hunger
a - Freeze                Ice            ##..         88%         1    ##.....


Dungeon Overview and Level Annotations

Branches:
Dungeon (9/15)             Temple (1/1) D:6            Lair (0/6) D:8
    Orc: D:9-12

Altars:
Ashenzari
Cheibriados
Dithmenos
Elyvilon
Fedhas
Gozag
Hepliaklqana
Kikubaaqudgha
Makhleb
Nemelex Xobeh
Okawaru
Qazlal
Ru
Sif Muna
Trog
Uskayaw
Vehumet
Wu Jian
Xom
Yredelemnul
Zin
The Shining One

Shops:
D:6 }   D:7 %

Annotations:
D:4 Edmund
D:7 4 runed doors
D:8 Erica


Innate Abilities, Weirdness & Mutations

You reflexively headbutt those who attack you in melee.
You have a pair of horns on your head.
You can translocate small distances at will.
Your natural rate of healing is unusually fast.
You are robust. (+10% HP)
[You often lose your temper in combat.]
[Armour fits poorly on your strangely shaped body.]
[Your body often deteriorates upon taking damage.]
[You are very frail. (-20% HP)]
[Your magical capacity is very low. (-20% MP)]
[You sometimes yell uncontrollably at your foes.]


Message History

Unknown command.
Unknown command.
Unknown command.
Unknown command.
Okay, then.
Unknown command.
Unknown command.
Unknown command.
Okay, then.
Unknown command.
Okay, then.
Unknown command.
Unknown command.
Blink to where?
Press: ? - help, Dir - move target cursor
As you read the scroll labeled CEBRO KUMAN, it crumbles to dust.
It was a scroll of blinking.
The wretched star glows turbulently.
The orb of energy hits you!
You die...

.. # .# ###
##. .# #)$##
..## ## ##.@#
#..#####..#.#
#NhS###...###
#xXX.*x.#
#5xX).#
#Sh4[.#
##.X*$.##
###.......#
## ...###.*.#


You could see a wretched star, an ancient zyme, 2 large abominations, a rust
devil, a hell hound and a small abomination.

Vanquished Creatures
  2 two-headed ogres (D:9)
  Pikel (D:4)
  3 trolls
  2 hippogriffs (D:9)
  A spriggan (D:9)
  A wyvern (D:8)
  2 steam dragons
  Duvessa (D:7)
  A hornet zombie (D:9)
  A slave (D:4)
  An ice beast (D:9)
  An orc warrior (D:8)
  A necrophage (D:9)
  6 phantoms
  2 sky beasts
  4 centaurs
  4 ogres
  2 big kobolds (D:9)
  6 bullfrogs
  A gnoll sergeant (D:3)
  Dowan (D:7)
  A water moccasin zombie (D:3)
  3 scorpions
  3 killer bees (D:9)
  4 wights
  A centaur zombie (D:8)
  A quasit (D:9)
  An orc priest (D:6)
  A bullfrog skeleton (D:4)
  2 hell rats (D:8)
  3 orc wizards (D:9)
  Terence (D:2)
  2 iguanas
  6 worker ants
  A hound skeleton (D:8)
  2 worker ant zombies (D:8)
  49 gnolls
  10 adders
  2 shadow imps (D:9)
  2 oozes
  2 adder zombies
  6 worms
  A dart slug (D:2)
  5 leopard geckos
  15 orcs
  3 giant cockroaches
  6 goblins
  8 hobgoblins
  28 jackals
  2 quokkas
  A ball python skeleton (D:5)
  9 bats
  2 frilled lizards (D:2)
  A jackal skeleton (D:7)
  11 kobolds
  5 rats
244 creatures vanquished.

Vanquished Creatures (others)
  2 slaves (D:4)
  A hobgoblin (D:4)
3 creatures vanquished.

Grand Total: 247 creatures vanquished

Notes
Turn   | Place    | Note
-------+----------+-------------------------------------------
     0 | D:1      | 4thArraOfDagon the Minotaur Ice Elementalist began the quest for the Orb.
     0 | D:1      | Reached XP level 1. HP: 14/14 MP: 1/1
    35 | D:1      | Reached skill level 1 in Fighting
   150 | D:1      | Reached XP level 2. HP: 14/24 MP: 0/3
   256 | D:1      | Found a stormy altar of Qazlal.
   686 | D:2      | Reached XP level 3. HP: 17/31 MP: 0/4
  1224 | D:2      | Noticed a sky beast
  1487 | D:2      | Reached XP level 4. HP: 33/38 MP: 2/5
  1670 | D:4      | Found an iron altar of Okawaru.
  1748 | D:4      | Noticed Edmund
  1756 | D:5      | Entered Level 5 of the Dungeon
  1756 | D:5      | Noticed a centaur
  1772 | D:5      | Killed a centaur
  1772 | D:5      | Reached skill level 2 in Axes
  1772 | D:5      | Reached XP level 5. HP: 34/46 MP: 1/6
  1934 | D:6      | Found a staircase to the Ecumenical Temple.
  1936 | D:6      | Noticed a centaur
  1947 | D:6      | Killed a centaur
  1947 | D:6      | Reached skill level 3 in Axes
  1997 | Temple   | Entered the Ecumenical Temple
  2125 | D:6      | Reached XP level 6. HP: 40/53 MP: 1/7
  2172 | D:6      | Reached skill level 4 in Axes
  2193 | D:6      | Reached skill level 5 in Fighting
  2331 | D:7      | Found a huge runed gate.
  2331 | D:7      | Found a huge runed gate.
  2331 | D:7      | Found a huge runed gate.
  2331 | D:7      | Noticed a hippogriff
  2442 | D:5      | Reached skill level 5 in Axes
  3094 | D:7      | Noticed Dowan
  3095 | D:7      | Noticed Duvessa
  3125 | D:7      | Noticed a troll
  3138 | D:7      | Reached XP level 7. HP: 53/61 MP: 4/8
  3140 | D:7      | Killed a troll
  3140 | D:7      | Reached skill level 6 in Axes
  3153 | D:7      | Reached skill level 7 in Axes
  3275 | D:7      | Found Godulura's Food Boutique.
  3372 | D:7      | Noticed a yak
  3373 | D:7      | Noticed a polar bear
  3373 | D:7      | Noticed a yak
  3373 | D:7      | Found a huge runed gate.
  3373 | D:7      | Noticed a yak
  3373 | D:7      | Noticed a hippogriff
  3373 | D:7      | Noticed a hippogriff
  3373 | D:7      | Noticed a manticore
  3375 | D:7      | Noticed a polar bear
  3375 | D:7      | Noticed a hog
  3376 | D:7      | Noticed a hippogriff
  3390 | D:7      | Noticed a steam dragon
  3398 | D:7      | Killed a steam dragon
  3398 | D:7      | Reached XP level 8. HP: 65/71 MP: 5/9
  3535 | D:6      | Reached skill level 8 in Axes
  3551 | D:6      | Found Vumiaq's Gadget Boutique.
  4455 | D:7      | Killed Duvessa
  4457 | D:7      | Killed Dowan
  4496 | D:7      | Reached skill level 9 in Axes
  4842 | D:8      | Noticed a death yak
  4842 | D:8      | Noticed Erica
  5108 | D:8      | Reached XP level 9. HP: 51/81 MP: 10/10
  5230 | D:9      | Reached skill level 10 in Axes
  5460 | D:9      | Noticed a two-headed ogre
  5476 | D:9      | Noticed a troll
  5478 | D:9      | Noticed a two-headed ogre
  5488 | D:9      | Killed a two-headed ogre
  5488 | D:9      | Reached skill level 11 in Axes
  5488 | D:9      | Reached skill level 5 in Dodging
  5490 | D:9      | HP: 3/82 [two-headed ogre/giant club (14)]
  5506 | D:9      | Killed a two-headed ogre
  5512 | D:9      | Killed a troll
  5512 | D:9      | Reached skill level 12 in Axes
  5512 | D:9      | Reached XP level 10. HP: 82/91 MP: 11/11
  5867 | D:9      | Gained mutation: Your natural rate of healing is unusually fast. [potion of mutation]
  5867 | D:9      | Gained mutation: You are robust. (+10% HP) [potion of mutation]
  5867 | D:9      | Gained mutation: You can translocate small distances at will. [potion of mutation]
  6064 | D:9      | 4thArraOfDagon: ??altar
  6064 | D:9      | beem: altar[1/1]: Altars are used for gaining religion and receiving Kiku's, Lugonu's, and TSO's gifts. Altars to gods besides Beogh, Lugonu, and Jiyva are guaranteed in Temple or D:2-9. Jiyva's altar is guaranteed in Slime:6, and Lugonu's and Beogh's altars occasionally appear in the Abyss and Orc, respectively.
  6432 | D:8      | Reached skill level 10 in Fighting
  7401 | D:9      | Reached skill level 13 in Axes
  7630 | D:9      | Found an opulent altar of Gozag.
  7631 | D:9      | Found a deep blue altar of Sif Muna.
  7631 | D:9      | Found an iron altar of Okawaru.
  7631 | D:9      | Found a radiant altar of Vehumet.
  7655 | D:9      | Found a hide-covered altar of Uskayaw.
  7656 | D:9      | Found a bloodstained altar of Trog.
  7662 | D:9      | Became a worshipper of Sif Muna the Loreminder
  7762 | D:8      | Noticed a death yak
  8047 | D:4      | Noticed Pikel
  8099 | D:4      | Killed Pikel
  8099 | D:4      | Reached skill level 1 in Invocations
  9496 | D:2      | Noticed Terence
  9509 | D:2      | Killed Terence
 10166 | D:4      | Cast into level 1 of the Abyss (Edmund)
 10190 | Abyss:1  | Noticed a white ugly thing
 10192 | Abyss:1  | Noticed a white very ugly thing
 10209 | Abyss:1  | Found a corrupted altar of Lugonu.
 10211 | Abyss:1  | Noticed a rust devil
 10212 | Abyss:1  | Noticed a large abomination
 10213 | Abyss:1  | Noticed a wretched star
 10214 | Abyss:1  | Noticed a starcursed mass
 10215 | Abyss:1  | Noticed a worldbinder
 10215 | Abyss:1  | Noticed a wretched star
 10216 | Abyss:1  | Noticed a wretched star
 10218 | Abyss:1  | Noticed a mana viper
 10218 | Abyss:1  | Noticed a mana viper
 10218 | Abyss:1  | Got a slimy wooden ring
 10221 | Abyss:1  | HP: 3/84 [starcursed mass (12)]
 10222 | Abyss:1  | Killed from afar by a wretched star

Vault maps used:
D:1:      dpeg_arrival_stonehenge_8_columns, kennysheep_flooded_box
D:2:      hangedman_feature_mirror, uniq_terence
D:3:      lemuel_castle_with_subvaults
D:4:      corexii_shack_village, first_ration, okawaru_trees_1, uniq_pikel,
          uniq_edmund
D:6:      minmay_temple_entry_statues, serial_shops, shop,
          minmay_misc_feat_tower
D:7:      lemuel_bear_cage, serial_shops, shop, uniq_duvessa
D:8:      dpeg_lair_monsters, uniq_erica
D:9:      minmay_four_partial_circles, grunt_temple_overflow_open,
          grunt_pizzeria
Temple:   kb_temple_of_zot

Skill      XL: |  1  2  3  4  5  6  7  8  9 10 |
---------------+-------------------------------+-----
Fighting       | 2 3 4 5 6 7 9 10 | 10.5
Axes           | 2 3 5 7 9 12 13 | 13.5
Ice Magic      | 3 |  3.3
Dodging        | 4 6 7 |  7.7
Invocations    | 2 |  2.3
Stealth        | |  1.5
Spellcasting   | |  1.7
Conjurations   | |  0.6

Action                   |  1- 3 |  4- 6 |  7- 9 | 10-12 || total
-------------------------+-------+-------+-------+-------++-------
Melee: Unarmed           |    79 |    16 |       |       ||    95
       Headbutt          |    16 |    14 |    34 |    70 ||   134
       Hand axe          |       |    65 |   235 |   190 ||   490
       War axe           |       |       |       |   260 ||   260
       Whip              |       |       |       |    10 ||    10
 Cast: Freeze            |    36 |    35 |    15 |    34 ||   120
Evoke: Wand              |       |       |    10 |     5 ||    15
  Use: Potion            |     3 |     1 |     3 |     5 ||    12
       Scroll            |     3 |     4 |       |    14 ||    21
 Stab: Sleeping          |       |       |       |     3 ||     3
  Eat: Chunk             |     3 |     4 |     2 |    14 ||    23
       Ration            |       |     1 |     2 |     1 ||     4
Armor: Robe              |     8 |       |       |       ||     8
       Ring mail         |    59 |    35 |     3 |       ||    97
       Troll leather arm |       |       |    38 |    63 ||   101
       Skin              |       |       |     9 |    16 ||    25
       Chain mail        |       |       |       |    68 ||    68
Dodge: Dodged            |    83 |    78 |   131 |   310 ||   602

Table legend:
 A = Spawn XP
 B = Non-spawn XP
 C = Spawn XP percentage of total XP
 D = Spawn monster count
 E = Non-spawn monster count
 F = Spawn count percentage of total count
 G = Total turns spent on level
                    A         B        C        D         E        F      G
               +---------+---------+-------+---------+---------+-------+---------
         Total |       0 |   10741 |   0.0 |       0 |     243 |   0.0 | 10222
               +---------+---------+-------+---------+---------+-------+---------
           D:1 |       0 |      18 |   0.0 |       0 |      12 |   0.0 |   757
           D:2 |       0 |     344 |   0.0 |       0 |      47 |   0.0 |  1771
           D:3 |       0 |     880 |   0.0 |       0 |      73 |   0.0 |   959
           D:4 |       0 |     720 |   0.0 |       0 |      14 |   0.0 |   808
           D:5 |       0 |     212 |   0.0 |       0 |       6 |   0.0 |   967
           D:6 |       0 |     830 |   0.0 |       0 |      16 |   0.0 |  1410
           D:7 |       0 |    1264 |   0.0 |       0 |      12 |   0.0 |   907
           D:8 |       0 |    1091 |   0.0 |       0 |      20 |   0.0 |   882
           D:9 |       0 |    5382 |   0.0 |       0 |      43 |   0.0 |  1634
               +---------+---------+-------+---------+---------+-------+---------
